Construct Section Command Post
Selects Air and Sea Battlegroup
Construct Field Infirmary
Construct Platoon Command Post
Selects Commando Section Paradrop
Selects Commando Support Section Paradrop
Commando Support Section Paradrop
Unlock M3 Stuart Light Tanks
Commando Section Paradrop
6-pounder Anti-tank Gun Team
Selects Anti-tank Rocket Loiter
Construct Company Command Post
Commando Support Section Paradrop
Selects Naval Bombardment